 Dungeon Crawl Stone Soup version 0.18.1-48-g4cf74bf (webtiles) character file.

49 nuthulu the Skirmisher (level 3, -1/24 HPs)
             Began as a Gargoyle Fighter on Sept 12, 2016.
             Slain by Sigmund
             ... wielding a +0 scythe
              (4 damage)
             ... on level 2 of the Dungeon.
             The game lasted 00:03:53 (2254 turns).

nuthulu the Skirmisher (Gargoyle Fighter)           Turns: 2254, Time: 00:03:54

Health: -1/24      AC: 12    Str: 22 (24) XL:     3   Next: 77%
Magic:  3/3        EV:  7    Int:  6 (8)  God:
Gold:   197        SH:  0    Dex:  7 (10) Spells: 0 memorised, 2 levels left

rFire  . . .     SeeInvis .     a - +1 flail
rCold  . . .     Gourm    .     b - +0 scale mail
rNeg   + . .     Faith    .     c - +0 shield
rPois  ∞         Spirit   .     n - +0 helmet
rElec  +         Dismiss  .     (no cloak)
rCorr  .         Reflect  .     e - +0 pair of gloves
SustAt .         Harm     .     (no boots)
MR     .....                    (no amulet)
Stlth  ..........               (no ring)
                                (no ring)

@: confused, mighty, exhausted, slowed, very slow, not resistant to hostile
enchantments, extremely unstealthy
A: negative energy resistance 1, electricity resistance, unbreathing,
petrification resistance, rot immunity, AC +3
a: no special abilities


You were on level 2 of the Dungeon.
You were very hungry.

You visited 1 branch of the dungeon, and saw 2 of its levels.

You collected 197 gold pieces.

Inventory:

Hand Weapons
 a - a +1 flail (weapon)
Armour
 b - a +0 scale mail (worn)
 c - a +0 shield (worn)
 e - a +0 pair of gloves (worn)
 n - a +0 helmet (worn)
Wands
 j - a wand of lightning (3/15)
Scrolls
 h - 2 scrolls of amnesia
 m - a scroll of remove curse
Potions
 k - a potion of curing
Comestibles
 f - a bread ration
 i - a meat ration
 l - a chunk of flesh


   Skills:
 + Level 4.1 Fighting
 + Level 3.2 Maces & Flails
 - Level 3.2 Armour
 - Level 3.2 Shields


You had 2 spell levels left.
You didn't know any spells.

Dungeon Overview and Level Annotations

Branches:
Dungeon (2/15)

Altars:

Annotations:
D:2 Sigmund


Innate Abilities, Weirdness & Mutations

You are resistant to torment.
Your stone body is resilient (AC +3).
You are immune to poison.
You resist negative energy.
You are resistant to electric shocks.
You can survive without breathing.
You are immune to petrification.
You are immune to rotting.


Message History

* * * LOW HITPOINT WARNING * * *
You barely miss something.
You hear some strange, mumbled words.
A magic dart appears from out of thin air!
The magic dart hits you!
* * * LOW HITPOINT WARNING * * *
Your shield prevents you from hitting something.
You barely miss something. Something hits you but does no damage.
You hit something. You closely miss something.
Something hits you but does no damage.
Your shield and scale mail prevent you from hitting something.
You hear some strange, mumbled words.
You are confused.
You bump into the rock wall.
You are no longer berserk.
You are exhausted.
You feel yourself slow down.
You are feeling very hungry.
You're too confused to move!
Something hits you.
You die...

#.#.##########.# #
#.#.# #.# # #.#.#
#####'##### #.#.#
#........## #.#.#
#........# #.#.#
#........# #.#.#
#........# #.#.#
#####'#### #.#@# #.#
#.#{# #.# #.#.#
#.##### #.#.#
#...... #.#.#
####### #.#.. ....
#.##################
#...............#
##############.##


There were no monsters in sight!

Vanquished Creatures
  An adder (D:2)
  3 dart slugs
  A giant gecko (D:1)
  A ball python (D:2)
  5 bats
  7 goblins
  A hobgoblin (D:2)
  2 jackals (D:1)
  2 giant newts (D:1)
  6 kobolds
  2 rats (D:2)
31 creatures vanquished.

Vanquished Creatures (others)
  4 toadstools (D:1)
4 creatures vanquished.

Grand Total: 35 creatures vanquished

Notes
Turn   | Place    | Note
--------------------------------------------------------------
     0 | D:1      | nuthulu the Gargoyle Fighter began the quest for the Orb.
     0 | D:1      | Reached XP level 1. HP: 14/14 MP: 1/1
   245 | D:1      | Reached XP level 2. HP: 19/19 MP: 2/2
  1209 | D:2      | Reached skill level 4 in Fighting
  1213 | D:2      | Reached XP level 3. HP: 20/24 MP: 3/3
  2233 | D:2      | Noticed Sigmund
  2254 | D:2      | Slain by Sigmund

Skill      XL: |  1  2  3 |
---------------+----------+-----
Fighting       | 4 |  4.1
Maces & Flails | 3 |  3.2
Armour         | |  3.2
Shields        | |  3.2

Action                   || total
-------------------------++-------
Melee: Flail             ||   141
  Use: Scroll            ||     7
       Potion            ||     5
  Eat: Chunk             ||     4
Armor: Scale mail        ||    79
Dodge: Dodged            ||    50
Block: Shield            ||    71
